SKY
CALIFORNIA ANGELS @ DETROIT TIGERS
06/26/2052
 
TOP OF THE 1ST
California Angels batting - Pitching for Detroit Tigers : LHP Franklin Schmitt
Pitching: LHP Franklin Schmitt
Batting: LHB Archer Carol 0-0: DOUBLE (Line Drive, 89M, EV 105.0 MPH)
Batting: RHB River Grote 0-0: Ball
1-0: Foul Ball, location: 7LMF
1-1: Ball
2-1: Ground out 6-3 (Groundball, 6S, EV 71.3 MPH)
Archer Carol to third
Batting: RHB Isaac Keenan 0-0: Foul Ball, location: 2F
0-1: Ball
1-1: Foul Ball, location: 2F
1-2: Ground out 1-3 (Groundball, 13, EV 69.4 MPH)
Batting: RHB Reed Sinclair 0-0: Fly out, F6 (Popup, 6, EV 73.8 MPH)
Top of the 1st over - 0 runs, 1 hit, 0 errors, 1 left on base; California 0 - Detroit 0
BOTTOM OF THE 1ST
Detroit Tigers batting - Pitching for California Angels : RHP Ralph Mayes
Pitching: RHP Ralph Mayes
Batting: LHB Jim Harvill 0-0: Foul Ball, location: 3SF
0-1: Ball
1-1: Ball
2-1: Ball
3-1: SOLO HOME RUN (Flyball, 9LD, EV 95.6 MPH), Distance : 347 ft
Batting: RHB Diego Ruiz 0-0: Ball
1-0: Foul Ball, location: 5SF
1-1: Ball
2-1: Swinging Strike
2-2: Strikes out swinging
Batting: LHB Verrell Vander Mark 0-0: Ball
1-0: Foul Ball, location: 7LDF
1-1: DOUBLE (Line Drive, 89M, EV 97.5 MPH)
Batting: LHB Sebastian Ontiveros 0-0: Ball
1-0: Fly out, F7 (Line Drive, 78M, EV 95.6 MPH)
Batting: RHB Peter Bates 0-0: Ball
1-0: Foul Ball, location: 2F
1-1: Ball
2-1: Foul Ball, location: 9LDF
2-2: Ball
3-2: Strikes out swinging
Bottom of the 1st over - 1 run, 2 hits, 0 errors, 1 left on base; California 0 - Detroit 1
TOP OF THE 2ND
California Angels batting - Pitching for Detroit Tigers : LHP Franklin Schmitt
Batting: SHB Michael Dodson 0-0: Swinging Strike
0-1: Ball
1-1: Foul Ball, location: 2LF
1-2: Foul Ball, location: 2F
1-2: Ball
2-2: Ground out 6-3 (Groundball, 6, EV 84.4 MPH)
Batting: LHB Skyler Angelillo 0-0: Ball
1-0: Ball
2-0: Swinging Strike
2-1: Foul Ball, location: 5DF
2-2: Strikes out swinging
Batting: RHB Jess Granberg 0-0: Ball
1-0: Swinging Strike
1-1: Fly out, F9 (Flyball, 9, EV 94.4 MPH)
Top of the 2nd over - 0 runs, 0 hits, 0 errors, 0 left on base; California 0 - Detroit 1
BOTTOM OF THE 2ND
Detroit Tigers batting - Pitching for California Angels : RHP Ralph Mayes
Batting: RHB Merlin Weichert 0-0: SINGLE (Groundball, 56D, EV 95.0 MPH)
Batting: LHB Rob Hedrick 0-0: Called Strike
0-1: Sac Bunt to 15S - play at first, batter OUT! 1-3
Merlin Weichert to second
Batting: LHB Will Dishman 0-0: Called Strike
0-1: Ball
1-1: Ball
2-1: Foul Ball, location: 3F
2-2: Ground out 4-3 (Groundball, 4MS, EV 70.6 MPH)
Merlin Weichert to third
Batting: RHB Zaiden Parker 0-0: Ball
1-0: Called Strike
1-1: Foul Ball, location: 3F
1-2: Strikes out looking
Bottom of the 2nd over - 0 runs, 1 hit, 0 errors, 1 left on base; California 0 - Detroit 1
TOP OF THE 3RD
California Angels batting - Pitching for Detroit Tigers : LHP Franklin Schmitt
Batting: LHB Drury Robinson 0-0: Called Strike
0-1: Ball
1-1: Swinging Strike
1-2: Foul Ball, location: 9LMFF
1-2: Foul Ball, location: 7LMF
1-2: Foul Ball, location: 7LMF
1-2: DOUBLE (Line Drive, 8LXD, EV 100.0 MPH)
Batting: LHB Marco Menchaca 0-0: Ball
1-0: Foul Ball, location: 2F
1-1: SINGLE (Line Drive, 56D, EV 99.4 MPH)
Drury Robinson to third
Batting: LHB Archer Carol 0-0: Ball
1-0: Called Strike
1-1: Ball
2-1: Ball
3-1: Foul Ball, location: 23F
3-2: SINGLE (Line Drive, 78M, EV 100.6 MPH)
Drury Robinson scores
Marco Menchaca to second
Batting: RHB River Grote 0-0: Called Strike
0-1: Ball
1-1: Foul Ball, location: 2F
1-2: Strikes out swinging
Batting: RHB Isaac Keenan 0-0: Ball
1-0: Ball
2-0: Called Strike
2-1: Swinging Strike
2-2: Ball
3-2: Grounds into double play, 3-6-3 (Groundball, 34, EV 88.8 MPH)
Top of the 3rd over - 1 run, 3 hits, 0 errors, 1 left on base; California 1 - Detroit 1
BOTTOM OF THE 3RD
Detroit Tigers batting - Pitching for California Angels : RHP Ralph Mayes
Batting: LHB Jim Harvill 0-0: Called Strike
0-1: Ball
1-1: Ball
2-1: Called Strike
2-2: Foul Ball, location: 5FF
2-2: Foul Ball, location: 7LSF
2-2: Foul Ball, location: 2F
2-2: Ball
3-2: Foul Ball, location: 3F
3-2: Base on Balls
Batting: RHB Diego Ruiz 0-0: Ball
1-0: Sac Bunt to 13 - play at first, batter OUT! 1-3
Jim Harvill to second
Batting: LHB Verrell Vander Mark 0-0: Ground out U3 (Groundball, 3S, EV 79.4 MPH)
Jim Harvill to third
Batting: LHB Sebastian Ontiveros 0-0: Ball
1-0: Foul Ball, location: 2F
1-1: Ball
2-1: Swinging Strike
2-2: Ball
3-2: Fly out, F8 (Flyball, 8LD, EV 90.0 MPH)
Bottom of the 3rd over - 0 runs, 0 hits, 0 errors, 1 left on base; California 1 - Detroit 1
TOP OF THE 4TH
California Angels batting - Pitching for Detroit Tigers : LHP Franklin Schmitt
Batting: RHB Reed Sinclair 0-0: Ball
1-0: Ball
2-0: Called Strike
2-1: Foul Ball, location: 5F
2-2: Ground out 5-3 (Groundball, 56, EV 82.5 MPH)
Batting: SHB Michael Dodson 0-0: Ball
1-0: Foul Ball, location: 3F
1-1: Swinging Strike
1-2: Fly out, F8 (Flyball, 8RD, EV 94.4 MPH)
Batting: LHB Skyler Angelillo 0-0: Ball
1-0: Ground out 6-3 (Groundball, 6, EV 82.5 MPH)
Top of the 4th over - 0 runs, 0 hits, 0 errors, 0 left on base; California 1 - Detroit 1
BOTTOM OF THE 4TH
Detroit Tigers batting - Pitching for California Angels : RHP Ralph Mayes
Batting: RHB Peter Bates 0-0: Ball
1-0: Ball
2-0: Ball
3-0: Called Strike
3-1: Swinging Strike
3-2: Strikes out swinging
Batting: RHB Merlin Weichert 0-0: Ground out 6-3 (Groundball, 6, EV 98.1 MPH)
Batting: LHB Rob Hedrick 0-0: Ball
1-0: SINGLE (Groundball, 4MD, EV 106.3 MPH)
Batting: LHB Will Dishman 0-0: Called Strike
0-1: Ball
1-1: Swinging Strike
1-2: Foul Ball, location: 2F
1-2: Foul Ball, location: 2F
1-2: Strikes out swinging
Bottom of the 4th over - 0 runs, 1 hit, 0 errors, 1 left on base; California 1 - Detroit 1
TOP OF THE 5TH
California Angels batting - Pitching for Detroit Tigers : LHP Franklin Schmitt
Batting: RHB Jess Granberg 0-0: Called Strike
0-1: Ball
1-1: Swinging Strike
1-2: Foul Ball, location: 2F
1-2: Ball
2-2: Strikes out looking
Batting: LHB Drury Robinson 0-0: Fly out, F8 (Flyball, 8RM, EV 88.8 MPH)
Batting: LHB Marco Menchaca 0-0: Called Strike
0-1: Swinging Strike
0-2: Strikes out swinging
Top of the 5th over - 0 runs, 0 hits, 0 errors, 0 left on base; California 1 - Detroit 1
BOTTOM OF THE 5TH
Detroit Tigers batting - Pitching for California Angels : RHP Ralph Mayes
Batting: RHB Zaiden Parker 0-0: Ball
1-0: Ball
2-0: Ball
3-0: Swinging Strike
3-1: Called Strike
3-2: Strikes out looking
Batting: LHB Jim Harvill 0-0: Called Strike
0-1: Foul Ball, location: 25FF
0-2: Ball
1-2: Ball
2-2: SINGLE (Groundball, 34D, EV 97.5 MPH)
Batting: RHB Diego Ruiz 0-0: Called Strike
0-1: Ball
1-1: Ball
2-1: Ball
3-1: Fly out, F8 (Flyball, 8RM, EV 81.9 MPH)
Batting: LHB Verrell Vander Mark 0-0: Called Strike
0-1: Foul Ball, location: 5SF
0-2: Ball
Wild Pitch!
Jim Harvill to second
1-2: Fly out, F6 (Line Drive, 6, EV 66.9 MPH)
Bottom of the 5th over - 0 runs, 1 hit, 0 errors, 1 left on base; California 1 - Detroit 1
TOP OF THE 6TH
California Angels batting - Pitching for Detroit Tigers : LHP Franklin Schmitt
Batting: LHB Archer Carol 0-0: Ball
1-0: Fly out, F7 (Flyball, 78S, EV 85.0 MPH)
Batting: RHB River Grote 0-0: Ball
1-0: Called Strike
1-1: Ground out 6-3 (Groundball, 6M, EV 89.4 MPH)
Batting: RHB Isaac Keenan 0-0: Ball
1-0: Called Strike
1-1: Ball
2-1: Ground out 6-3 (Groundball, 6S, EV 85.0 MPH)
Top of the 6th over - 0 runs, 0 hits, 0 errors, 0 left on base; California 1 - Detroit 1
BOTTOM OF THE 6TH
Detroit Tigers batting - Pitching for California Angels : RHP Ralph Mayes
Batting: LHB Sebastian Ontiveros 0-0: Ball
1-0: Called Strike
1-1: Foul Ball, location: 23F
1-2: Ground out 1-3 (Groundball, 15S, EV 65.6 MPH)
Batting: RHB Peter Bates 0-0: Ball
1-0: Ground out 6-3 (Groundball, 6, EV 112.5 MPH)
Batting: RHB Merlin Weichert 0-0: Swinging Strike
0-1: Ball
1-1: Ball
2-1: Ball
3-1: Base on Balls
Batting: LHB Rob Hedrick 0-0: Ball
1-0: Ball
2-0: Called Strike
2-1: 2-RUN HOME RUN (Flyball, 8LXD, EV 114.4 MPH), Distance : 445 ft
Batting: LHB Will Dishman 0-0: Ball
1-0: Ground out 1-3 (Groundball, 15S, EV 64.4 MPH)
Bottom of the 6th over - 2 runs, 1 hit, 0 errors, 0 left on base; California 1 - Detroit 3
TOP OF THE 7TH
California Angels batting - Pitching for Detroit Tigers : LHP Franklin Schmitt
Batting: RHB Reed Sinclair 0-0: Ball
1-0: Called Strike
1-1: DOUBLE (Flyball, 89XD, EV 110.6 MPH)
Batting: SHB Michael Dodson 0-0: Called Strike
0-1: SINGLE (Line Drive, 89S, EV 102.5 MPH)
Reed Sinclair to third
Runner from 3rd tries for Home, SAFE, throw by RF to home
Pitching: RHP Lou Clayton
Batting: LHB Skyler Angelillo 0-0: Ball
1-0: Called Strike
1-1: Foul Ball, location: 7LDF
1-2: 2-RUN HOME RUN (Flyball, 7LD, EV 95.6 MPH), Distance : 353 ft
Batting: RHB Jess Granberg 0-0: Ball
1-0: Ball
2-0: Ball
3-0: Foul Ball, location: 2F
3-1: Called Strike
3-2: DOUBLE (Line Drive, 9LM, EV 95.6 MPH)
Batting: LHB Drury Robinson 0-0: Swinging Strike
0-1: Ball
1-1: TRIPLE (Flyball, 89XD, EV 98.1 MPH)
Jess Granberg scores
Batting: LHB Marco Menchaca 0-0: Called Strike
0-1: Ball
1-1: DOUBLE (Line Drive, 8RXD, EV 104.4 MPH)
Drury Robinson scores
Pitching: LHP Julien Piché
Batting: LHB Archer Carol 0-0: Foul Ball, location: 23FF
0-1: Ground out 4-3 (Groundball, 4, EV 88.8 MPH)
Marco Menchaca to third
Batting: RHB River Grote 0-0: Ball
1-0: Ball
2-0: Ball
3-0: Called Strike
3-1: Fly out, F9 (Flyball, 9D, EV 93.1 MPH)
Runner from 3rd tags up, SCORES, no throw by RF
Batting: RHB Isaac Keenan 0-0: Foul Ball, location: 7LSF
0-1: Ball
1-1: Foul Ball, location: 9LDF
1-2: Ball
2-2: Ball
3-2: SOLO HOME RUN (Flyball, 9D, EV 93.8 MPH), Distance : 361 ft
Batting: RHB Reed Sinclair 0-0: Ball
1-0: Called Strike
1-1: Ball
2-1: Ball
3-1: Base on Balls
Batting: SHB Michael Dodson 0-0: Ball
1-0: Called Strike
1-1: Ball
2-1: Called Strike
2-2: DOUBLE (Line Drive, 78M, EV 93.1 MPH)
Reed Sinclair to third
Batting: LHB Skyler Angelillo 0-0: Ball
1-0: Ball
2-0: Called Strike
2-1: Ground out 3-1 (Groundball, 34, EV 81.9 MPH)
Top of the 7th over - 7 runs, 8 hits, 0 errors, 2 left on base; California 8 - Detroit 3
BOTTOM OF THE 7TH
Detroit Tigers batting - Pitching for California Angels : RHP Ralph Mayes
Pitching: RHP Jordan Nelson
Batting: RHB Zaiden Parker 0-0: Ball
1-0: Called Strike
1-1: Swinging Strike
1-2: Ball
2-2: Strikes out swinging
Batting: LHB Jim Harvill 0-0: Ground out 4-3 (Groundball, 4, EV 88.8 MPH)
Batting: RHB Diego Ruiz 0-0: Ball
1-0: Ball
2-0: Called Strike
2-1: Ball
3-1: Foul Ball, location: 5FF
3-2: Strikes out swinging
Bottom of the 7th over - 0 runs, 0 hits, 0 errors, 0 left on base; California 8 - Detroit 3
TOP OF THE 8TH
California Angels batting - Pitching for Detroit Tigers : LHP Julien Piché
Batting: RHB Jess Granberg 0-0: Ground out 4-3 (Groundball, 4D, EV 100.0 MPH)
Batting: LHB Drury Robinson 0-0: Foul Ball, location: 7LSF
0-1: Foul Ball, location: 7LMF
0-2: Ball
1-2: Foul Ball, location: 2F
1-2: Ground out 5-3 (Groundball, 56, EV 110.0 MPH)
Batting: LHB Marco Menchaca 0-0: Foul Ball, location: 7LMFF
0-1: Ball
1-1: Foul Ball, location: 9LSF
1-2: Ground out 6-3 (Groundball, 6, EV 104.4 MPH)
Top of the 8th over - 0 runs, 0 hits, 0 errors, 0 left on base; California 8 - Detroit 3
BOTTOM OF THE 8TH
Detroit Tigers batting - Pitching for California Angels : RHP Jordan Nelson
Batting: LHB Verrell Vander Mark 0-0: Ball
1-0: Swinging Strike
1-1: Ball
2-1: Swinging Strike
2-2: Foul Ball, location: 23F
2-2: DOUBLE (Line Drive, 7LM, EV 100.0 MPH)
Batting: LHB Sebastian Ontiveros 0-0: Ball
1-0: Foul Ball, location: 2F
1-1: Foul Ball, location: 7LDF
1-2: Ball
2-2: SINGLE (Groundball, 6M, EV 102.5 MPH) (infield hit)
Verrell Vander Mark to third
Batting: RHB Peter Bates 0-0: Called Strike
0-1: Swinging Strike
0-2: Fly out, F1 (Popup, P, EV 71.3 MPH)
Batting: RHB Merlin Weichert 0-0: Called Strike
0-1: Fly out, F9 (Flyball, 89M, EV 98.8 MPH)
Pitching: LHP Brent Sanders
Batting: LHB Rob Hedrick 0-0: Ball
1-0: Foul Ball, location: 25FF
1-1: SINGLE (Groundball, 5D, EV 104.4 MPH)
Verrell Vander Mark scores
Sebastian Ontiveros to second
Runner from 2nd tries for 3rd, SAFE, no throw by LF
Pitching: RHP Marc Bernal
Batting: LHB Will Dishman 0-0: Foul Ball, location: 5FF
0-1: Called Strike
0-2: Strikes out swinging
Bottom of the 8th over - 1 run, 3 hits, 0 errors, 2 left on base; California 8 - Detroit 4
TOP OF THE 9TH
California Angels batting - Pitching for Detroit Tigers : LHP Julien Piché
Pitching: RHP Jaden Bishop
Batting: LHB Archer Carol 0-0: Called Strike
0-1: Foul Ball, location: 23F
0-2: Ball
1-2: Ball
2-2: Ball
3-2: Base on Balls
Batting: RHB River Grote 0-0: Called Strike
0-1: Ball
1-1: Ball
2-1: DOUBLE (Flyball, 8LXD, EV 110.0 MPH)
Archer Carol to third
Batting: RHB Isaac Keenan 0-0: Called Strike
0-1: Swinging Strike
0-2: Ball
1-2: Ball
2-2: Strikes out swinging
Batting: RHB Reed Sinclair 0-0: Reached on error, E5 (Groundball, 15, EV 82.5 MPH)
Archer Carol scores
River Grote to third
Batting: SHB Michael Dodson 0-0: Foul Ball, location: 25F
0-1: Foul Ball, location: 7LMF
0-2: Strikes out swinging
Batting: LHB Skyler Angelillo 0-0: Swinging Strike
0-1: Foul Ball, location: 7LSF
0-2: Ball
1-2: SINGLE (Groundball, 34S, EV 68.1 MPH) (infield hit)
River Grote scores
Reed Sinclair to third
Batting: RHB Jess Granberg 0-0: Called Strike
0-1: Fly out, F8 (Flyball, 8RD, EV 103.8 MPH)
Top of the 9th over - 2 runs, 2 hits, 1 error, 2 left on base; California 10 - Detroit 4
BOTTOM OF THE 9TH
Detroit Tigers batting - Pitching for California Angels : RHP Marc Bernal
Batting: RHB Zaiden Parker 0-0: Ball
1-0: Called Strike
1-1: Swinging Strike
1-2: Strikes out looking
Batting: LHB Jim Harvill 0-0: Called Strike
0-1: Called Strike
0-2: Ball
1-2: Ball
2-2: Ball
3-2: Foul Ball, location: 2F
3-2: Foul Ball, location: 7LSF
3-2: Foul Ball, location: 7LMF
3-2: Foul Ball, location: 3FF
3-2: Strikes out swinging
Batting: RHB Diego Ruiz 0-0: Foul Ball, location: 2F
0-1: Fly out, F8 (Flyball, 8LD, EV 85.6 MPH)
Bottom of the 9th over - 0 runs, 0 hits, 0 errors, 0 left on base; California 10 - Detroit 4
Friday, April 26th , 2024 - OOTP Baseball 24.11 Build 85